 Dungeon Crawl Stone Soup version 0.29.1-13-g9f3cf754e1 (webtiles) character file.

Game seed: 7376029289011449372

214 Vulpanium the Ogre Mage (level 5, -1/46 (50) HPs)
             Began as an Ogre Air Elementalist on Jan 21, 2023.
             Was a Believer of Kikubaaqudgha.
             Slain by a wight
             ... wielding a +0 mace
              (3 damage)
             ... on level 4 of the Dungeon.
             The game lasted 00:14:06 (4236 turns).

Vulpanium the Ogre Mage (Ogre Air Elementalist)     Turns: 4236, Time: 00:14:06

HP:   -1/46 (50)    AC:  3    Str: 12    XL:     5   Next: 91%
MP:   0/10          EV: 10    Int: 18    God:    Kikubaaqudgha [**....]
Gold: 146           SH:  0    Dex:  9    Spells: 10/11 levels left

rFire   . . .      SeeInvis .   c - +0 dagger (venom)
rCold   . . .      Faith    .   (no shield)
rNeg    . . .      Spirit   .   a - +0 robe
rPois   .          Reflect  .   (helmet restricted)
rElec   .          Harm     .   (no cloak)
rCorr   .          Rampage  .   (gloves unavailable)
Will    +....                   (boots unavailable)
Stlth   +.........              (no amulet)
HPRegen 0.15/turn               n - ring of willpower
MPRegen 0.12/turn               (no ring)

@: drained
A: large, unfitting armour, tough skin 1
a: Renounce Religion, Unearth Wretches


You were on level 4 of the Dungeon.
You worshipped Kikubaaqudgha.
Kikubaaqudgha was pleased with you.
You visited 1 branch of the dungeon, and saw 4 of its levels.

You collected 146 gold pieces.

Inventory:

Hand Weapons
 c - a +0 dagger of venom (weapon)
Armour
 a - a +0 robe (worn)
Jewellery
 n - a ring of willpower (left hand)
Wands
 g - a wand of flame (26)
Scrolls
 d - a scroll of enchant armour {unknown}
 e - 5 scrolls of identify {unknown}
 j - a scroll of immolation {unknown}
 l - 3 scrolls of teleportation {unknown}
 m - a scroll of vulnerability {unknown}
 o - 2 scrolls of blinking {unknown}
 p - a scroll of amnesia {unknown}
 r - 3 scrolls of magic mapping {unknown}
Potions
 b - a potion of magic
 f - a potion of brilliance {unknown}
 h - a potion of flight {unknown}
 i - 3 potions of curing {unknown}
 k - a potion of heal wounds {unknown}
 q - a potion of invisibility {unknown}
 s - a potion of ambrosia {unknown}


   Skills:
 * Level 2.6 Fighting
 * Level 1.3 Short Blades
 + Level 2.1 Dodging
 - Level 1.4 Stealth
 + Level 3.9 Spellcasting
 + Level 2.1 Conjurations
 + Level 0.1 Necromancy
 + Level 3.6 Air Magic


You had 10 spell levels left.
You knew the following spells:

 Your Spells              Type           Power      Damage    Failure   Level
a - Shock                 Conj/Air       52%        1d6       4%          1

Your spell library contained the following spells:

 Spells                   Type           Power      Damage    Failure   Level
 Static Discharge         Conj/Air       13%        3-5/arc   7%          2
 Swiftness                Air            16%        N/A       10%         3
 Necrotise                Necr           12%        1d4       14%         1
 Slow                     Hex            12%        N/A       16%         1
 Airstrike                Air            8%         2d(2-18)  32%         4
 Vampiric Draining        Necr           3%         2d6       38%         3
 Confusing Touch          Hex            3%         N/A       41%         3
 Ozocubu's Armour         Ice            3%         N/A       41%         3
 Animate Dead             Necr           3%         N/A       80%         4
 Anguish                  Hex/Necr       1%         N/A       82%         4
 Metabolic Englaciation   Hex/Ice        1%         N/A       99%         5
 Simulacrum               Ice/Necr       1%         N/A       100%        6


Dungeon Overview and Level Annotations

Branches:
Dungeon (4/15)
 Temple: D:4-7

Altars:
Kikubaaqudgha
Yredelemnul

Shops:
D:2 ([


Innate Abilities, Weirdness & Mutations

You are too large for most types of armour.
You have tough skin. (AC +1)


Message History

Aiming: Shock (safe; 4% risk of failure)
Press: ? - help, Shift-Dir - straight line, f/p - wight
Aim: a wight, wielding a +0 mace and wearing a +0 robe (moderately damaged, 68% to hit)
The zap hits the wight.
The wight is heavily damaged.
The wight barely misses you.
Unknown command.
You hit the wight but do no damage.
The wight is heavily damaged.
The wight completely misses you.
You barely miss the wight.
The wight is heavily damaged.
The wight closely misses you.
You hit the wight but do no damage.
The wight is heavily damaged.
The wight hits you with a +0 mace!
Your magical contamination has completely faded away.
You hit the wight but do no damage.
The wight is heavily damaged.
The wight misses you.
You barely miss the wight.
The wight is heavily damaged.
The wight hits you with a +0 mace.
You feel drained.
* * * LOW HITPOINT WARNING * * *
The wight hits you with a +0 mace.
* * * LOW HITPOINT WARNING * * *
Things that are here:
a +1 great sword of electrocution; a +0 robe
Casting: Shock (safe; 4% risk of failure)
Confirm with . or Enter, or press ? or * to list all spells.
Aiming: Shock (safe; 4% risk of failure)
Press: ? - help, Shift-Dir - straight line, f/p - wight
Aim: a wight, wielding a +0 mace and wearing a +0 robe (heavily damaged, 68% to hit)
The zap hits the wight.
The wight is severely damaged.
The wight hits you with a +0 mace!
* * * LOW HITPOINT WARNING * * *
You feel drained.
You die...
Kikubaaqudgha rasps: "You have failed me!
Welcome... death!"

#....# #.##.#
##########
#.##.######.........
#.##....(....#######
#.##......)..#
#.##..)#†....###
#..>...)..........
######z#)...########
#....@.######
#.###### #.. #... ##
###### ##... ..
##[...## ##h#
#.##..#...# .#
#.....#...# .
####..#...# #......#


You could see a wight.

Vanquished Creatures
  A necrophage (D:4)
  A wight (D:4)
  An iguana (D:4)
  2 adders
  3 orcs
  3 ball pythons
  3 bats
  6 endoplasms
  4 giant cockroaches
  A goblin (D:1)
  8 hobgoblins
  10 kobolds
  2 quokkas
  6 frilled lizards
  7 rats
  A spectral orc (D:3)
59 creatures vanquished.

Vanquished Creatures (others)
  An adder (D:3)
1 creature vanquished.

Grand Total: 60 creatures vanquished

Notes
Turn   | Place    | Note
-------+----------+-------------------------------------------
     0 | D:1      | Vulpanium the Ogre Air Elementalist began the quest for the
                  | Orb.
     0 | D:1      | Reached XP level 1. HP: 16/16 MP: 3/3
    41 | D:1      | Reached skill level 1 in Conjurations
   422 | D:1      | Reached XP level 2. HP: 26/26 MP: 2/5
   535 | D:1      | Reached skill level 1 in Fighting
   879 | D:1      | Found a faded altar of an unknown god.
   890 | D:1      | Prayed at the altar of an unknown god.
   890 | D:1      | Became a worshipper of Kikubaaqudgha
   890 | D:1      | Reached * piety under Kikubaaqudgha
   890 | D:1      | Received a gift from Kikubaaqudgha
  1324 | D:2      | Reached XP level 3. HP: 31/33 MP: 0/6
  1410 | D:2      | Found Bobeb's Weapon Shoppe.
  1725 | D:2      | Reached ** piety under Kikubaaqudgha
  1891 | D:2      | Found Deulotul's Armour Emporium.
  2412 | D:3      | You fall into a shaft and drop 1 floor!
  2628 | D:3      | Found a basalt altar of Yredelemnul.
  2641 | D:3      | Reached XP level 4. HP: 39/40 MP: 1/8
  3868 | D:4      | Noticed a necrophage
  3888 | D:4      | Killed a necrophage
  3889 | D:4      | Reached skill level 1 in Short Blades
  3889 | D:4      | Reached XP level 5. HP: 31/49 MP: 0/10
  4236 | D:4      | HP: 2/48 [wight/+0 mace (8)]
  4236 | D:4      | Slain by a wight

Illustrated notes

Levels and vault maps discovered:
D:1:      roderic_octagonal_star, layout_basic, basic_ecumenical_altar,
          minmay_pentomino_t2
D:2:      layout_rooms, serial_shops, nicolae_shop_competitors_out_of_business,
          shop_fountains
D:3:      layout_loops_corners, yredelemnul_forgotten_temple_becter,
          kennysheep_another_room, moated_statue
D:4:      layout_basic, amcnicky_altar_gilded

Skill      XL: |  1  2  3  4 |
---------------+-------------+-----
Conjurations   | 1 2 |  2.1
Fighting       | 1 2 |  2.6
Air Magic      | 3 |  3.6
Dodging        | 2 |  2.1
Spellcasting   | 3 |  3.9
Short Blades   | 1 |  1.3
Stealth        | |  1.4
Necromancy     | |  0.1

Action                   |  1- 3 |  4- 6 || total
-------------------------+-------+-------++-------
Melee: Dagger            |    32 |    28 ||    60
       Unarmed           |     3 |       ||     3
       Punch             |     2 |       ||     2
 Cast: Shock             |    65 |    55 ||   120
Invok: Unearth Wretches  |     1 |       ||     1
 Stab: Paralysed         |     1 |       ||     1
Armor: Robe              |    10 |     2 ||    12
Dodge: Dodged            |    23 |    29 ||    52
